 Dungeon Crawl Stone Soup version 0.28.0-53-g5a82cb258f (webtiles) character file.

Game seed: 8905170267167006660

252 issech the Chopper (level 5, -1/47 HPs)
             Began as a Minotaur Monk on June 17, 2022.
             Slain by an iguana (4 damage)
             ... on level 4 of the Dungeon.
             The game lasted 00:07:35 (4364 turns).

issech the Chopper (Minotaur Monk)                  Turns: 4364, Time: 00:07:35

Health: -1/47      AC:  7    Str: 15    XL:     5   Next: 89%
Magic:  4/4        EV:  9    Int:  7    God:
Gold:   169        SH:  7    Dex: 15    Spells: 4/4 levels left

rFire   . . .      SeeInvis .   B - +0 long sword
rCold   + . .      Faith    .   n - +0 kite shield
rNeg    . . .      Spirit   .   m - +0 scale mail
rPois   .          Reflect  .   (helmet restricted)
rElec   .          Harm     .   (no cloak)
rCorr   .          Rampage  .   (no gloves)
Will    .....                   j - +0 pair of boots
Stlth   +.........              (no amulet)
HPRegen 0.15/turn               h - ring of protection from cold
MPRegen 0.09/turn               (no ring)

@: no status effects
A: horns 2, retaliatory headbutt
a: no special abilities


You were on level 4 of the Dungeon.
You visited 1 branch of the dungeon, and saw 4 of its levels.

You collected 169 gold pieces.

Inventory:

Hand Weapons
 a - a +0 hand axe
 s - a +0 trident
 w - a +0 hunting sling
 B - a +0 long sword (weapon)
Missiles
 c - 165 stones (quivered)
 e - 53 bolts
 g - 4 poisoned darts
 q - 22 arrows
 t - 16 sling bullets
Armour
 b - a +0 robe
 j - a +0 pair of boots (worn)
 m - a +0 scale mail (worn)
 n - a +0 kite shield (worn)
Jewellery
 h - a ring of protection from cold (left hand)
 y - a ring of flight
Wands
 f - a wand of iceblast (10)
 D - a wand of acid (5)
Scrolls
 d - a scroll of holy word
 i - a scroll of summoning
 l - 3 scrolls of teleportation
 o - a scroll of torment {unknown}
 p - a scroll of silence
 A - a scroll of identify
Potions
 k - 3 potions of curing {unknown}
 r - a potion of lignification {unknown}
 u - 3 potions of flight {unknown}
 v - a potion of invisibility {unknown}
 x - 2 potions of attraction {unknown}
 z - 2 potions of mutation {unknown}
 C - a potion of heal wounds {unknown}


   Skills:
 + Level 4.9 Fighting
 + Level 5.3 Axes
 + Level 0.2 Throwing
 + Level 1.5 Armour
 + Level 4.6 Dodging
 + Level 2.3 Stealth
 + Level 0.9 Shields


You had 4 spell levels left.
You didn't know any spells.
Your spell library was empty.

Dungeon Overview and Level Annotations

Branches:
Dungeon (4/15)
 Temple: D:4-7

Altars:
Dithmenos
Makhleb
Nemelex Xobeh
The Shining One


Innate Abilities, Weirdness & Mutations

You have a pair of horns on your head.
You reflexively headbutt those who attack you in melee.


Message History

The hobgoblin shouts!
You hit the orc. Your headbutt misses the orc.
The orc is moderately wounded.
The orc hits you with a +0 flail. The iguana bites you.
You block the orc's attack.
You slash the orc!
You kill the orc!
The iguana bites you. x2
You block the iguana's attack.
The hobgoblin hits you but does no damage.
The iguana bites you!
You hit the hobgoblin.
The hobgoblin is almost dead.
The hobgoblin hits you but does no damage.
The iguana bites you but does no damage.
You block the hobgoblin's attack.
You hit the hobgoblin.
You kill the hobgoblin!
The iguana bites you! You block the iguana's attack.
The iguana closely misses you.
You hit the iguana.
The iguana is moderately wounded.
The iguana bites you!
* * * LOW HITPOINT WARNING * * *
You barely miss the iguana.
The iguana is moderately wounded.
The iguana bites you but does no damage.
The iguana bites you!
* * * LOW HITPOINT WARNING * * *
You hit the iguana but do no damage.
The iguana is moderately wounded.
The iguana barely misses you.
You hit the iguana. Your headbutt misses the iguana.
The iguana is moderately wounded.
The iguana bites you but does no damage.
You block the iguana's attack.
You barely miss the iguana.
The iguana is moderately wounded.
The iguana bites you.
You die...

####### # ### ##.##..#
..# #@## ####.......
....#l.#####.#........
...........##..)....#..
..............#.###....
..........).#.### #....
.##..........## ##...
#.......##...# #...
#.........#..# ..###
...#[.....##... ... ##


You could see an iguana.

Vanquished Creatures
  A scorpion (D:4)
  An orc priest (D:4)
  A centaur skeleton (D:4)
  Ijyb (D:3)
  2 adders
  2 worms
  A dart slug (D:4)
  3 orcs (D:4)
  6 endoplasms
  2 giant cockroaches
  5 goblins
  9 hobgoblins
  8 jackals
  7 quokkas
  5 ball pythons
  7 bats
  3 frilled lizards
  8 kobolds
  5 rats
77 creatures vanquished.

Vanquished Creatures (others)
  11 fungi (D:1)
  3 plants (D:1)
14 creatures vanquished.

Grand Total: 91 creatures vanquished

Notes
Turn   | Place    | Note
-------+----------+-------------------------------------------
     0 | D:1      | issech the Minotaur Monk began the quest for the Orb.
     0 | D:1      | Reached XP level 1. HP: 19/19 MP: 0/0
   490 | D:1      | Reached XP level 2. HP: 27/27 MP: 1/1
   683 | D:1      | Found a faded altar of an unknown god.
  1672 | D:2      | Reached XP level 3. HP: 31/33 MP: 2/2
  1745 | D:2      | Reached skill level 4 in Axes
  2902 | D:3      | Reached XP level 4. HP: 41/41 MP: 3/3
  3142 | D:3      | Noticed Ijyb
  3163 | D:3      | Killed Ijyb
  3164 | D:3      | Found a glowing golden altar of the Shining One.
  3164 | D:3      | Found a burning altar of Makhleb.
  3167 | D:3      | Found a shadowy altar of Dithmenos.
  3274 | D:3      | Found a sparkling altar of Nemelex Xobeh.
  3889 | D:4      | Reached XP level 5. HP: 21/47 MP: 4/4
  4042 | D:4      | Reached skill level 5 in Axes
  4042 | D:4      | Reached skill level 1 in Armour
  4358 | D:4      | HP: 2/47 [iguana (7)]
  4364 | D:4      | Slain by an iguana

Illustrated notes

Levels and vault maps discovered:
D:1:      sevenhm_arrival_forest_fort_small_6, layout_basic,
          dreamdust_ecumenical_altar_grove, grunt_decor_cap
D:2:      minmay_chambers_of_twos, layout_basic
D:3:      layout_basic, nicolae_overflow_quartered_altars,
          kennysheep_generic_room_9, uniq_ijyb
D:4:      layout_cave_pools

Skill      XL: |  1  2  3  4  5 |
---------------+----------------+-----
Fighting       | 4 |  4.9
Axes           | 4 5 |  5.3
Dodging        | 4 |  4.6
Stealth        | 2 |  2.3
Armour         | 1 |  1.5
Throwing       | |  0.2
Shields        | |  0.9

Action                   |  1- 3 |  4- 6 || total
-------------------------+-------+-------++-------
Melee: Hand axe          |   129 |    69 ||   198
       Headbutt          |    22 |    14 ||    36
       Punch             |     1 |       ||     1
       Long sword        |       |    16 ||    16
Throw: Stone             |       |     3 ||     3
  Use: Scroll            |       |     4 ||     4
 Stab: Sleeping          |     3 |       ||     3
Armor: Robe              |    11 |       ||    11
       Scale mail        |    28 |    44 ||    72
Dodge: Dodged            |    61 |    42 ||   103
Block: Kite shield       |    14 |    41 ||    55
